 Dungeon Crawl Stone Soup version 0.28-a0-1143-gcf6077d4cc (webtiles) character file.

Game seed: 15720782695279577872

141 SensoryNuts the Slasher (level 5, 0/39 HPs)
             Began as a Demonspawn Gladiator on Dec 13, 2021.
             Succumbed to a kobold's poison
             ... on level 4 of the Dungeon.
             The game lasted 00:04:29 (2901 turns).

SensoryNuts the Slasher (Demonspawn Gladiator)      Turns: 2901, Time: 00:04:30

Health: 0/39       AC: 11    Str: 16    XL:     5   Next: 3%
Magic:  5/5        EV:  7    Int: 10    God:
Gold:   100        SH:  0    Dex: 14    Spells: 4/4 levels left

rFire   . . .      SeeInvis .   a - +0 long sword
rCold   . . .      Faith    .   (no shield)
rNeg    . . .      Spirit   .   f - +0 chain mail
rPois   .          Reflect  .   c - +0 helmet
rElec   .          Harm     .   (no cloak)
rCorr   .          Rampage  .   (no gloves)
Will    .....                   (no boots)
Stlth   ..........              (no amulet)
HPRegen 0.13/turn               (no ring)
MPRegen 0.09/turn               (no ring)

@: lethally poisoned (0 -> -5), attractive, invisible
A: slimy green scales 1, demonic magic 1
a: no special abilities


You were on level 4 of the Dungeon.
You visited 1 branch of the dungeon, and saw 4 of its levels.

You collected 100 gold pieces.

Inventory:

Hand Weapons
 a - a +0 long sword (weapon)
Missiles
 d - 4 throwing nets (quivered)
Armour
 b - a +0 leather armour
 c - a +0 helmet (worn)
 f - a +0 chain mail (worn)
Jewellery
 h - a +6 ring of strength
 m - a ring of willpower
 o - a +4 ring of protection
Scrolls
 e - 2 scrolls of teleportation {unknown}
 g - 2 scrolls of blinking {unknown}
 i - a scroll of enchant weapon {unknown}
 k - a scroll of immolation {unknown}
 l - 2 scrolls of fog {unknown}
 n - a scroll of vulnerability {unknown}
 q - a scroll of enchant armour {unknown}


   Skills:
 + Level 2.5 Fighting
 + Level 3.8 Long Blades
 + Level 2.0 Throwing
 + Level 1.6 Armour
 + Level 3.5 Dodging


You had 4 spell levels left.
You didn't know any spells.
Your spell library contained the following spells:

 Spells                   Type           Power      Damage    Failure   Level
 Slow                     Hex            0%         N/A       100%        1
 Confusing Touch          Hex            0%         N/A       100%        3
 Vampiric Draining        Necr           0%         2d6       100%        3


Dungeon Overview and Level Annotations

Branches:
Dungeon (4/15)
 Temple: D:4-7

Altars:
Xom


Innate Abilities, Weirdness & Mutations

You are partially covered in slimy green scales. (AC +2)
Spells you cast may paralyse adjacent enemies.


Message History

The hound is lightly wounded.
The hound bites you but does no damage. The hound bites you.
Your chain mail prevents you from hitting the hound.
The hound is lightly wounded.
The hound bites you but does no damage. x2
You slash the hound!
The hound is heavily wounded.
The hound bites you.
You closely miss the hound.
The hound is heavily wounded.
The hound barely misses you. The hound bites you but does no damage.
You hit the hound.
The hound is almost dead.
The hound bites you but does no damage. x2
You closely miss the hound.
The hound is almost dead.
The hound bites you. x2
* * * LOW HITPOINT WARNING * * *
You slash the hound!
You kill the hound!
The kobold throws a poisoned dart.
The poisoned dart hits you!
You are lethally poisoned!
You have reached level 5!
It was a potion of invisibility.
You fade into invisibility!
* * * LOW HITPOINT WARNING * * *
You feel very sick.
It was a potion of attraction.
You feel attractive to monsters.
* * * LOW HITPOINT WARNING * * *
You feel sick. The kobold barely misses you.
Unknown command.
Okay, then.
You closely miss the kobold.
* * * LOW HITPOINT WARNING * * *
You feel sick. The kobold barely misses you.
You strike the helpless kobold from behind!
You hit the kobold.
You kill the kobold!
You die...

. ... ### #
.##..#<##.###
........@)...#
##....####..##
#..### ## #.


There were no monsters in sight!

Vanquished Creatures
  A hound (D:4)
  3 adders
  2 dart slugs
  7 ball pythons
  4 bats
  9 endoplasms
  3 giant cockroaches
  4 goblins
  7 hobgoblins
  16 jackals
  A frilled lizard (D:3)
  4 kobolds
  6 rats
67 creatures vanquished.

Notes
Turn   | Place    | Note
-------+----------+-------------------------------------------
     0 | D:1      | SensoryNuts the Demonspawn Gladiator began the quest for
                  | the Orb.
     0 | D:1      | Reached XP level 1. HP: 16/16 MP: 1/1
   437 | D:1      | Gained mutation: You are partially covered in slimy green
                  | scales. (AC +2) [demonic ancestry]
   437 | D:1      | Reached XP level 2. HP: 15/22 MP: 2/2
  1144 | D:2      | Gained mutation: Spells you cast may paralyse adjacent
                  | enemies. [demonic ancestry]
  1144 | D:2      | Reached XP level 3. HP: 27/27 MP: 3/3
  1671 | D:2      | Reached XP level 4. HP: 24/34 MP: 4/4
  1826 | D:2      | Found a shimmering altar of Xom.
  2157 | D:3      | Reached skill level 1 in Armour
  2812 | D:3      | Found a faded altar of an unknown god.
  2898 | D:4      | Reached XP level 5. HP: 8/39 MP: 5/5
  2901 | D:4      | Succumbed to a kobold's poison

Illustrated notes

Levels and vault maps discovered:
D:1:      amcnicky_arrival_wind_blow, layout_rooms
D:2:      layout_rooms, basic_altar, minmay_heptomino_h4
D:3:      layout_basic, dreamdust_ecumenical_altar_angels_and_demons,
          kennysheep_minor_cross
D:4:      layout_cave_pools, grunt_ministairs_6, minmay_manual_monstrance

Skill      XL: |  1  2  3  4 |
---------------+-------------+-----
Throwing       | 2 |  2.0
Dodging        | 3 |  3.5
Long Blades    | 3 |  3.8
Armour         | 1 |  1.6
Fighting       | |  2.5

Action                   |  1- 3 |  4- 6 || total
-------------------------+-------+-------++-------
Melee: Long sword        |   114 |   101 ||   215
  Use: Potion            |       |     2 ||     2
 Stab: Invisible         |       |     1 ||     1
Armor: Leather armour    |    11 |       ||    11
       Chain mail        |    76 |   100 ||   176
Dodge: Dodged            |    58 |    54 ||   112

Table legend: (Time is in decaauts)
 A = Elapsed time spent in this place.
 B = Non-inter-level travel time spent in this place.
 C = Inter-level travel time spent in this place.
 D = Time resting spent in this place.
 E = Time spent auto-exploring this place.
 F = Levels seen in this place.
 G = Mean time per level.
                   A        B        C        D        E       F      G
               +--------+--------+--------+--------+--------+-----+--------+
         Total |   2951 |   2951 |      0 |      0 |   2369 |   4 |  737.8 |
       Dungeon |   2951 |   2951 |      0 |      0 |   2369 |   4 |  737.8 |
               +--------+--------+--------+--------+--------+-----+--------+

Top non-repeatable levels by time:
     D:1: 1151 daAuts
     D:2: 970 daAuts
     D:3: 801 daAuts
     D:4: 28 daAuts
